2424 views
Uploaded 2022-05-12 19:26:52
Game version 1.32.10
70:22 long 3on3 ladder game on (8)Mur'gulOasis_LV
Saved by Cabeelibob
2424 views
Uploaded 2022-05-12 19:26:52
Game version 1.32.10
70:22 long 3on3 ladder game on (8)Mur'gulOasis_LV


142 units @ 14.2k
/ 2.2k
140 buildings @ 13.9k
/ 6.6k
Jgraham2
(30)
(70:19) : 
| Peasant | 20 | 1500 | / | 0 |
| Dragonhawk Rider | 6 | 1200 | / | 180 |
| total: | 26 | 2700g | / | 180w |
| Scout Tower | 44 | 1320 | / | 880 |
| Arcane Tower | 6 | 420 | / | 300 |
| Guard Tower | 22 | 1540 | / | 1100 |
| Altar of Kings | 2 | 360 | / | 100 |
| Farm | 9 | 720 | / | 180 |
| Lumber Mill | 1 | 120 | / | 0 |
| Arcane Vault | 1 | 130 | / | 30 |
| Town Hall | 5 | 1925 | / | 1025 |
| Gryphon Aviary | 1 | 140 | / | 150 |
| Keep | 1 | 320 | / | 210 |
| Castle | 1 | 360 | / | 210 |
| total: | 63 | 4715g | / | 2365w |
| 0:08 | Altar of Kings |
| 0:09 | Peasant |
| 0:09 | Peasant |
| 0:10 | Peasant |
| 0:10 | Peasant |
| 0:10 | Peasant |
| 0:28 | Farm |
| 0:29 | Farm |
| 0:30 | Farm |
| 0:33 | Peasant |
| 0:48 | Lumber Mill |
| 0:54 | Scout Tower |
| 1:03 | Peasant |
| 1:03 | Peasant |
| 1:29 | Peasant |
| 1:30 | Peasant |
| 1:38 | Peasant |
| 1:38 | Peasant |
| 1:50 | Farm |
| 1:53 | Improved Lumber Harvesting |
| 2:07 | Arcane Tower |
| 2:11 | Peasant |
| 3:02 | Peasant |
| 3:02 | Peasant |
| 3:02 | Peasant |
| 3:04 | Peasant |
| 3:24 | Scout Tower |
| 3:25 | Scout Tower |
| 3:26 | Scout Tower |
| 3:30 | Scout Tower |
| 3:30 | Scout Tower |
| 3:41 | Scout Tower |
| 3:44 | Improved Masonry |
| 4:01 | Guard Tower |
| 4:20 | Guard Tower |
| 4:25 | Scout Tower |
| 4:27 | Scout Tower |
| 4:29 | Scout Tower |
| 4:32 | Guard Tower |
| 4:36 | Scout Tower |
| 4:36 | Scout Tower |
| 4:41 | Keep |
| 4:46 | Guard Tower |
| 5:09 | Guard Tower |
| 5:16 | Guard Tower |
| 5:44 | Scout Tower |
| 5:45 | Scout Tower |
| 5:46 | Scout Tower |
| 5:50 | Guard Tower |
| 6:17 | Guard Tower |
| 6:18 | Guard Tower |
| 6:22 | Scout Tower |
| 6:23 | Scout Tower |
| 6:24 | Scout Tower |
| 6:25 | Scout Tower |
| 6:27 | Guard Tower |
| 6:43 | Scout Tower |
| 6:44 | Scout Tower |
| 6:47 | Scout Tower |
| 6:47 | Scout Tower |
| 6:49 | Scout Tower |
| 6:49 | Scout Tower |
| 7:03 | Guard Tower |
| 7:12 | Guard Tower |
| 7:30 | Guard Tower |
| 7:39 | Scout Tower |
| 7:40 | Scout Tower |
| 7:41 | Scout Tower |
| 8:14 | Advanced Lumber Harvesting |
| 8:16 | Guard Tower |
| 8:35 | Guard Tower |
| 8:40 | Guard Tower |
| 8:47 | Scout Tower |
| 9:09 | Holy Light |
| 9:22 | Guard Tower |
| 9:24 | Scout Tower |
| 9:29 | Scout Tower |
| 9:32 | Scout Tower |
| 9:37 | Guard Tower |
| 9:53 | Scout Tower |
| 9:54 | Scout Tower |
| 9:55 | Scout Tower |
| 9:55 | Scout Tower |
| 9:56 | Scout Tower |
| 9:57 | Scout Tower |
| 10:01 | Guard Tower |
| 10:04 | Guard Tower |
| 10:08 | Advanced Masonry |
| 10:17 | Scout Tower |
| 10:17 | Scout Tower |
| 10:18 | Scout Tower |
| 10:32 | Guard Tower |
| 11:08 | Castle |
| 11:38 | Arcane Vault |
| 11:44 | Gryphon Aviary |
| 11:52 | Arcane Tower |
| 11:58 | Arcane Tower |
| 12:17 | Arcane Tower |
| 12:21 | Arcane Tower |
| 12:35 | Scout Tower |
| 12:36 | Scout Tower |
| 12:37 | Scout Tower |
| 12:41 | Arcane Tower |
| 13:38 | Imbued Masonry |
| 14:06 | Cloud |
| 14:06 | Dragonhawk Rider |
| 14:06 | Dragonhawk Rider |
| 14:17 | Farm |
| 14:39 | Guard Tower |
| 15:21 | Town Hall |
| 20:24 | Town Hall |
| 20:38 | Farm |
| 20:43 | Farm |
| 20:44 | Farm |
| 20:45 | Farm |
| 22:32 | Dragonhawk Rider |
| 22:33 | Dragonhawk Rider |
| 23:24 | Town Hall |
| 23:36 | Peasant |
| 23:36 | Peasant |
| 23:37 | Peasant |
| 31:21 | Town Hall |
| 33:21 | Town Hall |
| 36:32 | Dragonhawk Rider |
| 36:32 | Dragonhawk Rider |
| 44:49 | Altar of Kings |
| Right click | 3153 |
| Select group | 3032 |
| Select | 347 |
| Build/train/purchase | 69 |
| Minimap ping | 53 |
| Assign group | 28 |
| Resource trade | 26 |
| Use ability | 19 |


| Boots of Speed | 2 | 500 |
| total: | 2 | 500g |
| Peasant | 21 | 1575 | / | 0 |
| Mortar Team | 12 | 2160 | / | 840 |
| Flying Machine | 29 | 2900 | / | 870 |
| total: | 62 | 6635g | / | 1710w |
| Scout Tower | 17 | 510 | / | 340 |
| Arcane Tower | 2 | 140 | / | 100 |
| Guard Tower | 9 | 630 | / | 450 |
| Altar of Kings | 2 | 360 | / | 100 |
| Farm | 19 | 1520 | / | 380 |
| Lumber Mill | 1 | 120 | / | 0 |
| Town Hall | 1 | 385 | / | 205 |
| Blacksmith | 2 | 280 | / | 120 |
| Workshop | 3 | 420 | / | 420 |
| Keep | 2 | 640 | / | 420 |
| Castle | 1 | 360 | / | 210 |
| total: | 45 | 3595g | / | 1565w |
| 0:04 | Peasant |
| 0:19 | Peasant |
| 0:20 | Altar of Kings |
| 0:35 | Farm |
| 0:38 | Peasant |
| 0:45 | Peasant |
| 0:54 | Lumber Mill |
| 0:55 | Peasant |
| 0:59 | Peasant |
| 1:08 | Peasant |
| 1:11 | Farm |
| 1:12 | Peasant |
| 1:18 | Scout Tower |
| 1:19 | Peasant |
| 1:41 | Peasant |
| 1:50 | Arcane Tower |
| 1:52 | Peasant |
| 1:56 | Improved Lumber Harvesting |
| 1:57 | Peasant |
| 2:12 | Scout Tower |
| 2:15 | Peasant |
| 2:27 | Storm Bolt |
| 2:39 | Peasant |
| 2:42 | Scout Tower |
| 2:43 | Peasant |
| 2:47 | Scout Tower |
| 2:48 | Guard Tower |
| 2:51 | Scout Tower |
| 2:52 | Scout Tower |
| 2:54 | Scout Tower |
| 2:54 | Scout Tower |
| 3:07 | Peasant |
| 3:10 | Guard Tower |
| 3:15 | Guard Tower |
| 4:09 | Scout Tower |
| 4:10 | Scout Tower |
| 4:11 | Scout Tower |
| 4:12 | Scout Tower |
| 4:14 | Scout Tower |
| 4:42 | Storm Bolt |
| 5:04 | Guard Tower |
| 5:16 | Keep |
| 5:22 | Scout Tower |
| 5:24 | Guard Tower |
| 5:40 | Scout Tower |
| 5:41 | Scout Tower |
| 5:49 | Improved Masonry |
| 6:24 | Guard Tower |
| 6:34 | Town Hall |
| 6:46 | Bash |
| 7:51 | Keep |
| 7:55 | Peasant |
| 7:55 | Peasant |
| 7:55 | Peasant |
| 7:55 | Peasant |
| 7:55 | Peasant |
| 8:59 | Blacksmith |
| 9:00 | Blacksmith |
| 9:08 | Advanced Lumber Harvesting |
| 9:08 | Advanced Masonry |
| 9:16 | Holy Light |
| 9:34 | Scout Tower |
| 9:35 | Guard Tower |
| 9:47 | Workshop |
| 9:49 | Workshop |
| 9:59 | Black Gunpowder |
| 10:07 | Guard Tower |
| 10:10 | Workshop |
| 10:12 | Castle |
| 10:18 | Bash |
| 10:57 | Flare |
| 10:58 | Flak Cannons |
| 11:17 | Mortar Team |
| 11:19 | Farm |
| 11:20 | Farm |
| 11:20 | Farm |
| 12:23 | Divine Shield |
| 12:25 | Divine Shield |
| 12:39 | Fragmentation Shards |
| 12:39 | Flying Machine Bombs |
| 12:41 | Mortar Team |
| 12:46 | Farm |
| 12:47 | Farm |
| 12:49 | Refined Gunpowder |
| 12:50 | Iron Plating |
| 13:19 | Storm Bolt |
| 13:49 | Flying Machine |
| 13:49 | Flying Machine |
| 13:49 | Flying Machine |
| 13:49 | Flying Machine |
| 13:50 | Flying Machine |
| 13:50 | Flying Machine |
| 13:50 | Flying Machine |
| 13:50 | Flying Machine |
| 14:04 | Boots of Speed |
| 14:04 | Boots of Speed |
| 14:34 | Flying Machine |
| 14:34 | Flying Machine |
| 14:34 | Flying Machine |
| 14:35 | Flying Machine |
| 14:45 | Imbued Gunpowder |
| 15:37 | Farm |
| 15:40 | Farm |
| 16:00 | Farm |
| 16:01 | Farm |
| 16:13 | Farm |
| 16:16 | Farm |
| 16:26 | Farm |
| 16:29 | Farm |
| 16:39 | Farm |
| 16:39 | Farm |
| 16:41 | Farm |
| 16:41 | Farm |
| 16:54 | Steel Plating |
| 16:55 | Mithril Plating |
| 17:00 | Flying Machine |
| 17:00 | Flying Machine |
| 17:00 | Flying Machine |
| 17:14 | Flying Machine |
| 23:23 | Mortar Team |
| 26:35 | Mortar Team |
| 26:39 | Mortar Team |
| 27:57 | Storm Bolt |
| 27:58 | Holy Light |
| 27:59 | Holy Light |
| 29:59 | Flying Machine |
| 29:59 | Flying Machine |
| 29:59 | Flying Machine |
| 30:00 | Flying Machine |
| 30:00 | Flying Machine |
| 30:00 | Flying Machine |
| 34:22 | Bash |
| 34:24 | Bash |
| 36:14 | Divine Shield |
| 36:15 | Divine Shield |
| 41:55 | Mortar Team |
| 42:11 | Mortar Team |
| 42:11 | Mortar Team |
| 46:12 | Storm Bolt |
| 46:27 | Altar of Kings |
| 47:08 | Flying Machine |
| 47:08 | Flying Machine |
| 47:09 | Flying Machine |
| 48:54 | Flying Machine |
| 48:55 | Flying Machine |
| 48:55 | Flying Machine |
| 48:55 | Flying Machine |
| 60:08 | Storm Bolt |
| 60:10 | Holy Light |
| 60:11 | Holy Light |
| 60:22 | Avatar |
| 61:59 | Mortar Team |
| 65:34 | Resurrection |
| 65:35 | Resurrection |
| 67:05 | Mortar Team |
| 67:06 | Mortar Team |
| 67:06 | Mortar Team |
| 68:43 | Bash |
| 68:44 | Bash |
| Right click | 3389 |
| Select group | 1726 |
| Select | 699 |
| Misc. action | 218 |
| Use ability | 196 |
| Build/train/purchase | 150 |
| Assign group | 21 |
| Minimap ping | 12 |
| Item give/drop | 5 |
| Remove unit | 4 |
| Esc | 1 |
Cabeelibob
(194)
(70:19) : 
| Healing Salve | 3 | 300 |
| Lesser Clarity Potion | 11 | 770 |
| Potion of Healing | 2 | 300 |
| Orb of Lightning | 1 | 375 |
| Tiny Great Hall | 4 | 2400 |
| Staff of Teleportation | 1 | 150 |
| Boots of Speed | 1 | 250 |
| Mechanical Critter | 1 | 50 |
| total: | 24 | 4595g |
| Peon | 42 | 3150 | / | 0 |
| Troll Witch Doctor | 12 | 1740 | / | 300 |
| total: | 54 | 4890g | / | 300w |
| Watch Tower | 15 | 1650 | / | 1200 |
| Altar of Storms | 2 | 360 | / | 100 |
| Orc Burrow | 5 | 800 | / | 200 |
| War Mill | 2 | 410 | / | 0 |
| Voodoo Lounge | 2 | 260 | / | 60 |
| Great Hall | 5 | 1925 | / | 925 |
| Spirit Lodge | 1 | 150 | / | 150 |
| Stronghold | 1 | 315 | / | 190 |
| Fortress | 1 | 325 | / | 190 |
| total: | 32 | 5555g | / | 2635w |
| 0:04 | Altar of Storms |
| 0:08 | Orc Burrow |
| 0:15 | Orc Burrow |
| 0:18 | Peon |
| 0:25 | Peon |
| 0:45 | Peon |
| 1:00 | Peon |
| 1:09 | War Mill |
| 1:14 | Peon |
| 1:49 | Peon |
| 1:49 | Peon |
| 2:06 | Peon |
| 2:10 | Wind Walk |
| 3:07 | Watch Tower |
| 3:09 | Watch Tower |
| 3:11 | Watch Tower |
| 3:16 | Peon |
| 3:16 | Peon |
| 3:16 | Peon |
| 3:19 | Orc Burrow |
| 3:26 | Voodoo Lounge |
| 3:31 | Watch Tower |
| 3:49 | Staff of Teleportation |
| 3:49 | Boots of Speed |
| 4:27 | Watch Tower |
| 4:28 | Watch Tower |
| 5:12 | Watch Tower |
| 5:13 | Watch Tower |
| 5:16 | Watch Tower |
| 5:44 | Watch Tower |
| 5:45 | Watch Tower |
| 6:03 | Peon |
| 6:03 | Peon |
| 7:03 | Great Hall |
| 7:07 | Voodoo Lounge |
| 7:22 | Watch Tower |
| 7:25 | Watch Tower |
| 9:12 | Altar of Storms |
| 9:26 | Healing Salve |
| 9:26 | Lesser Clarity Potion |
| 10:26 | War Mill |
| 10:29 | Stronghold |
| 12:43 | Critical Strike |
| 13:00 | Fortress |
| 14:01 | Spirit Lodge |
| 16:27 | Critical Strike |
| 16:44 | Healing Salve |
| 16:49 | Potion of Healing |
| 16:51 | Lesser Clarity Potion |
| 16:55 | Orb of Lightning |
| 17:09 | Peon |
| 17:09 | Peon |
| 17:09 | Peon |
| 17:11 | Witch Doctor Adept Training |
| 18:58 | Witch Doctor Master Training |
| 19:09 | Great Hall |
| 19:13 | Great Hall |
| 20:05 | Orc Burrow |
| 21:51 | Troll Witch Doctor |
| 21:51 | Troll Witch Doctor |
| 21:51 | Troll Witch Doctor |
| 21:52 | Troll Witch Doctor |
| 22:03 | Troll Witch Doctor |
| 22:03 | Troll Witch Doctor |
| 22:03 | Troll Witch Doctor |
| 22:03 | Troll Witch Doctor |
| 22:04 | Troll Witch Doctor |
| 22:08 | Orc Burrow |
| 23:17 | Lesser Clarity Potion |
| 23:20 | Tiny Great Hall |
| 23:48 | Wind Walk |
| 24:28 | Potion of Healing |
| 24:30 | Lesser Clarity Potion |
| 25:40 | Lesser Clarity Potion |
| 25:45 | Peon |
| 25:45 | Peon |
| 25:45 | Peon |
| 25:45 | Peon |
| 25:45 | Peon |
| 26:28 | Lesser Clarity Potion |
| 26:31 | Healing Salve |
| 28:46 | Tiny Great Hall |
| 29:13 | Troll Witch Doctor |
| 29:32 | Lesser Clarity Potion |
| 29:41 | Peon |
| 29:42 | Peon |
| 29:42 | Peon |
| 29:42 | Peon |
| 29:42 | Peon |
| 29:42 | Peon |
| 29:42 | Peon |
| 29:42 | Peon |
| 31:22 | Peon |
| 31:22 | Peon |
| 31:22 | Peon |
| 31:41 | Troll Witch Doctor |
| 32:54 | Watch Tower |
| 33:11 | Critical Strike |
| 34:41 | Bladestorm |
| 35:06 | Tiny Great Hall |
| 35:28 | Watch Tower |
| 36:00 | Peon |
| 36:01 | Peon |
| 36:01 | Peon |
| 36:01 | Peon |
| 36:01 | Peon |
| 39:32 | Lesser Clarity Potion |
| 39:44 | Tiny Great Hall |
| 39:48 | Mechanical Critter |
| 40:50 | Lesser Clarity Potion |
| 42:10 | Peon |
| 42:11 | Peon |
| 42:11 | Peon |
| 42:11 | Peon |
| 42:11 | Peon |
| 42:50 | Lesser Clarity Potion |
| 43:47 | Great Hall |
| 47:27 | Lesser Clarity Potion |
| 47:40 | Troll Witch Doctor |
| 51:56 | Wind Walk |
| 60:05 | Mirror Image |
| 62:43 | Great Hall |
| 66:23 | Mirror Image |
| Right click | 2725 |
| Select | 331 |
| Misc. action | 249 |
| Select group | 235 |
| Build/train/purchase | 200 |
| Resource trade | 51 |
| Chat | 45 |
| Use ability | 39 |
| Minimap ping | 15 |
| Remove unit | 10 |
| Item give/drop | 9 |
| Assign group | 2 |
176 units @ 22k
/ 3.3k
155 buildings @ 19.1k
/ 8.8k



| Scroll of Regeneration | 2 | 200 |
| Lesser Clarity Potion | 1 | 70 |
| Scroll of Healing | 1 | 250 |
| Boots of Speed | 1 | 250 |
| total: | 5 | 770g |
| Peasant | 35 | 2625 | / | 0 |
| Footman | 8 | 1080 | / | 0 |
| Sorceress | 3 | 465 | / | 60 |
| Knight | 5 | 1225 | / | 300 |
| Mortar Team | 7 | 1260 | / | 490 |
| Flying Machine | 14 | 1400 | / | 420 |
| Siege Engine | 8 | 1560 | / | 480 |
| Dragonhawk Rider | 4 | 800 | / | 120 |
| Spell Breaker | 3 | 645 | / | 90 |
| Gryphon Rider | 3 | 840 | / | 210 |
| Rifleman | 1 | 205 | / | 30 |
| total: | 91 | 12105g | / | 2200w |
| Scout Tower | 54 | 1620 | / | 1080 |
| Arcane Tower | 2 | 140 | / | 100 |
| Guard Tower | 32 | 2240 | / | 1600 |
| Barracks | 2 | 320 | / | 120 |
| Farm | 14 | 1120 | / | 280 |
| Altar of Kings | 1 | 180 | / | 50 |
| Lumber Mill | 4 | 480 | / | 0 |
| Arcane Vault | 2 | 260 | / | 60 |
| Blacksmith | 2 | 280 | / | 120 |
| Town Hall | 7 | 2695 | / | 1435 |
| Arcane Sanctum | 1 | 150 | / | 140 |
| Workshop | 3 | 420 | / | 420 |
| Gryphon Aviary | 2 | 280 | / | 300 |
| Keep | 2 | 640 | / | 420 |
| Castle | 2 | 720 | / | 420 |
| Moon Well | 3 | 540 | / | 120 |
| total: | 95 | 8345g | / | 4125w |
| 0:05 | Peasant |
| 0:05 | Peasant |
| 0:05 | Peasant |
| 0:50 | Peasant |
| 0:53 | Barracks |
| 0:59 | Farm |
| 1:08 | Peasant |
| 1:13 | Peasant |
| 1:29 | Altar of Kings |
| 1:37 | Scout Tower |
| 1:45 | Farm |
| 1:55 | Footman |
| 2:04 | Arcane Tower |
| 2:06 | Scout Tower |
| 2:20 | Lumber Mill |
| 2:24 | Peasant |
| 2:29 | Footman |
| 2:47 | Arcane Tower |
| 2:49 | Footman |
| 3:02 | Peasant |
| 3:09 | Breath of Fire |
| 3:20 | Farm |
| 3:33 | Defend |
| 3:34 | Peasant |
| 3:37 | Improved Lumber Harvesting |
| 3:59 | Arcane Vault |
| 4:22 | Keep |
| 4:36 | Footman |
| 4:48 | Scroll of Regeneration |
| 4:57 | Farm |
| 5:30 | Footman |
| 5:36 | Blacksmith |
| 5:49 | Footman |
| 6:27 | Drunken Haze |
| 7:09 | Farm |
| 7:14 | Arcane Sanctum |
| 7:19 | Iron Forged Swords |
| 7:35 | Farm |
| 7:59 | Boots of Speed |
| 8:30 | Breath of Fire |
| 8:33 | Scroll of Healing |
| 8:44 | Castle |
| 8:45 | Sorceress |
| 8:48 | Footman |
| 8:55 | Lesser Clarity Potion |
| 9:03 | Scroll of Regeneration |
| 9:52 | Siphon Mana |
| 10:40 | Sorceress Adept Training |
| 10:44 | Footman |
| 10:45 | Steel Forged Swords |
| 10:55 | Flame Strike |
| 11:07 | Farm |
| 11:14 | Workshop |
| 11:52 | Drunken Haze |
| 12:14 | Holy Light |
| 12:15 | Sorceress |
| 12:16 | Sorceress Master Training |
| 12:17 | Knight |
| 12:19 | Mithril Forged Swords |
| 12:22 | Mortar Team |
| 12:25 | Flying Machine |
| 13:33 | Siphon Mana |
| 13:38 | Divine Shield |
| 13:58 | Sorceress |
| 14:02 | Barrage |
| 14:03 | Siege Engine |
| 14:07 | Farm |
| 14:10 | Knight |
| 14:12 | Knight |
| 14:12 | Animal War Training |
| 14:14 | Farm |
| 14:16 | Farm |
| 14:25 | Scout Tower |
| 14:26 | Scout Tower |
| 14:37 | Peasant |
| 14:37 | Peasant |
| 14:37 | Peasant |
| 14:40 | Advanced Lumber Harvesting |
| 15:06 | Guard Tower |
| 15:49 | Barracks |
| 15:53 | Farm |
| 15:54 | Farm |
| 15:57 | Farm |
| 15:58 | Farm |
| 16:22 | Guard Tower |
| 16:25 | Scout Tower |
| 17:06 | Peasant |
| 17:06 | Peasant |
| 17:06 | Peasant |
| 17:33 | Peasant |
| 17:33 | Peasant |
| 17:36 | Lumber Mill |
| 17:40 | Guard Tower |
| 19:03 | Improved Masonry |
| 19:19 | Mortar Team |
| 19:19 | Mortar Team |
| 19:32 | Gryphon Aviary |
| 19:38 | Gryphon Aviary |
| 20:51 | Dragonhawk Rider |
| 26:29 | Town Hall |
| 29:27 | Scout Tower |
| 29:28 | Scout Tower |
| 29:38 | Scout Tower |
| 29:54 | Scout Tower |
| 29:56 | Guard Tower |
| 30:09 | Guard Tower |
| 30:11 | Guard Tower |
| 30:16 | Scout Tower |
| 30:21 | Scout Tower |
| 30:25 | Guard Tower |
| 30:44 | Lumber Mill |
| 30:52 | Guard Tower |
| 30:57 | Scout Tower |
| 31:46 | Magic Sentry |
| 31:51 | Scout Tower |
| 31:54 | Keep |
| 31:59 | Scout Tower |
| 32:07 | Scout Tower |
| 32:19 | Scout Tower |
| 32:20 | Scout Tower |
| 32:21 | Scout Tower |
| 32:25 | Scout Tower |
| 32:34 | Guard Tower |
| 32:41 | Guard Tower |
| 32:56 | Scout Tower |
| 33:02 | Scout Tower |
| 33:05 | Scout Tower |
| 33:16 | Guard Tower |
| 33:19 | Scout Tower |
| 34:00 | Guard Tower |
| 34:32 | Flying Machine |
| 34:44 | Castle |
| 34:47 | Workshop |
| 34:50 | Workshop |
| 35:28 | Guard Tower |
| 35:33 | Dragonhawk Rider |
| 35:33 | Dragonhawk Rider |
| 36:25 | Town Hall |
| 37:08 | Flying Machine |
| 37:08 | Flying Machine |
| 37:40 | Scout Tower |
| 37:41 | Scout Tower |
| 37:45 | Peasant |
| 37:45 | Peasant |
| 37:52 | Lumber Mill |
| 38:06 | Peasant |
| 38:10 | Scout Tower |
| 38:12 | Guard Tower |
| 38:17 | Guard Tower |
| 38:48 | Flying Machine |
| 39:07 | Siege Engine |
| 39:19 | Peasant |
| 39:19 | Peasant |
| 39:26 | Guard Tower |
| 39:28 | Scout Tower |
| 39:32 | Scout Tower |
| 39:35 | Peasant |
| 39:35 | Peasant |
| 39:40 | Peasant |
| 39:40 | Peasant |
| 40:33 | Guard Tower |
| 40:46 | Scout Tower |
| 40:47 | Scout Tower |
| 40:48 | Scout Tower |
| 40:49 | Scout Tower |
| 40:51 | Scout Tower |
| 40:54 | Siege Engine |
| 41:02 | Siege Engine |
| 41:15 | Guard Tower |
| 41:42 | Siege Engine |
| 41:51 | Guard Tower |
| 41:52 | Peasant |
| 42:16 | Siege Engine |
| 42:23 | Guard Tower |
| 42:25 | Guard Tower |
| 42:38 | Flying Machine |
| 43:00 | Scout Tower |
| 43:02 | Scout Tower |
| 44:25 | Holy Light |
| 44:36 | Scout Tower |
| 44:38 | Scout Tower |
| 44:39 | Scout Tower |
| 44:42 | Scout Tower |
| 45:10 | Scout Tower |
| 45:42 | Knight |
| 45:43 | Spell Breaker |
| 45:45 | Siege Engine |
| 45:45 | Gryphon Rider |
| 45:46 | Dragonhawk Rider |
| 45:53 | Guard Tower |
| 47:04 | Scout Tower |
| 47:06 | Scout Tower |
| 47:07 | Scout Tower |
| 47:08 | Scout Tower |
| 47:09 | Scout Tower |
| 47:11 | Scout Tower |
| 47:13 | Scout Tower |
| 47:16 | Scout Tower |
| 47:18 | Scout Tower |
| 47:24 | Guard Tower |
| 47:43 | Guard Tower |
| 48:19 | Flame Strike |
| 48:23 | Guard Tower |
| 48:38 | Guard Tower |
| 49:13 | Iron Plating |
| 50:06 | Town Hall |
| 50:13 | Town Hall |
| 50:22 | Guard Tower |
| 50:58 | Peasant |
| 52:10 | Town Hall |
| 52:22 | Guard Tower |
| 52:24 | Guard Tower |
| 52:50 | Peasant |
| 53:06 | Guard Tower |
| 53:24 | Flying Machine |
| 53:40 | Spell Breaker |
| 54:11 | Arcane Vault |
| 54:13 | Peasant |
| 54:55 | Breath of Fire |
| 55:03 | Town Hall |
| 55:09 | Scout Tower |
| 55:09 | Scout Tower |
| 55:10 | Scout Tower |
| 55:11 | Scout Tower |
| 55:11 | Scout Tower |
| 55:18 | Knight |
| 55:20 | Steel Plating |
| 55:24 | Blacksmith |
| 55:58 | Guard Tower |
| 56:24 | Gryphon Rider |
| 56:30 | Mortar Team |
| 57:04 | Flying Machine |
| 57:04 | Flying Machine |
| 57:04 | Flying Machine |
| 58:01 | Town Hall |
| 58:27 | Flying Machine |
| 58:27 | Flying Machine |
| 59:33 | Spell Breaker |
| 59:33 | Mortar Team |
| 59:36 | Black Gunpowder |
| 60:28 | Flak Cannons |
| 60:33 | Siege Engine |
| 61:22 | Flying Machine |
| 62:32 | Flying Machine |
| 63:46 | Mithril Plating |
| 64:27 | Guard Tower |
| 64:29 | Gryphon Rider |
| 64:35 | Rifleman |
| 65:01 | Peasant |
| 65:01 | Peasant |
| 65:01 | Peasant |
| 65:01 | Peasant |
| 65:02 | Peasant |
| 67:56 | Mortar Team |
| 67:57 | Mortar Team |
| 68:33 | Moon Well |
| 68:33 | Moon Well |
| 68:33 | Moon Well |
| Right click | 1172 |
| Select group | 1168 |
| Select | 876 |
| Assign group | 863 |
| Build/train/purchase | 222 |
| Misc. action | 208 |
| Use ability | 131 |
| Minimap ping | 21 |
| Item give/drop | 7 |



| Potion of Healing | 4 | 600 |
| Staff of Preservation | 1 | 150 |
| Orb of Venom | 2 | 650 |
| Dust of Appearance | 1 | 75 |
| Scroll of Town Portal | 1 | 350 |
| total: | 9 | 1825g |
| Wisp | 38 | 2280 | / | 0 |
| Archer | 7 | 910 | / | 70 |
| Dryad | 3 | 435 | / | 180 |
| Druid of the Claw | 2 | 510 | / | 160 |
| Chimaera | 3 | 990 | / | 210 |
| total: | 53 | 5125g | / | 620w |
| Ancient Protector | 15 | 2025 | / | 1200 |
| Altar of Elders | 3 | 540 | / | 150 |
| Moon Well | 8 | 1440 | / | 320 |
| Ancient of War | 1 | 150 | / | 60 |
| Ancient of Wonders | 2 | 180 | / | 60 |
| Hunter's Hall | 1 | 210 | / | 100 |
| Tree of Life | 6 | 2040 | / | 1110 |
| Ancient of Lore | 2 | 310 | / | 290 |
| Chimaera Roost | 2 | 280 | / | 380 |
| Tree of Ages | 2 | 640 | / | 360 |
| Tree of Eternity | 1 | 330 | / | 200 |
| total: | 40 | 7175g | / | 3670w |
| 0:02 | Wisp |
| 0:02 | Wisp |
| 0:14 | Altar of Elders |
| 0:22 | Moon Well |
| 0:26 | Wisp |
| 0:34 | Ancient of War |
| 0:49 | Wisp |
| 0:59 | Wisp |
| 1:00 | Wisp |
| 1:10 | Wisp |
| 1:37 | Moon Well |
| 1:42 | Archer |
| 1:46 | Wisp |
| 1:48 | Wisp |
| 1:55 | Ancient of Wonders |
| 2:03 | Wisp |
| 2:16 | Evasion |
| 2:29 | Archer |
| 2:47 | Tree of Ages |
| 2:50 | Archer |
| 3:11 | Archer |
| 3:22 | Hunter's Hall |
| 3:36 | Archer |
| 3:57 | Mana Burn |
| 4:08 | Moon Well |
| 5:05 | Dust of Appearance |
| 5:15 | Strength of the Moon |
| 5:23 | Ancient of Lore |
| 5:25 | Wisp |
| 5:25 | Wisp |
| 5:29 | Ancient of Lore |
| 5:36 | Improved Bows |
| 5:49 | Potion of Healing |
| 5:51 | Staff of Preservation |
| 6:13 | Entangling Roots |
| 6:29 | Mana Burn |
| 7:03 | Tree of Eternity |
| 7:04 | Druid of the Claw Adept Training |
| 7:07 | Abolish Magic |
| 7:08 | Dryad |
| 8:14 | Dryad |
| 8:17 | Dryad |
| 8:22 | Potion of Healing |
| 8:32 | Thorns Aura |
| 8:47 | Moon Well |
| 8:52 | Moon Well |
| 10:05 | Evasion |
| 10:11 | Entangling Roots |
| 10:33 | Wisp |
| 10:33 | Wisp |
| 10:33 | Wisp |
| 11:00 | Potion of Healing |
| 11:11 | Potion of Healing |
| 11:16 | Orb of Venom |
| 11:22 | Druid of the Claw Master Training |
| 11:24 | Druid of the Claw |
| 11:26 | Chimaera Roost |
| 11:28 | Chimaera Roost |
| 11:31 | Nature's Blessing |
| 11:35 | Marksmanship |
| 11:40 | Trueshot Aura |
| 11:53 | Ultravision |
| 11:59 | Strength of the Wild |
| 12:46 | Mark of the Claw |
| 12:47 | Druid of the Claw |
| 13:40 | Corrosive Breath |
| 13:44 | Backpack |
| 13:53 | Moon Well |
| 13:57 | Moon Well |
| 14:00 | Searing Arrows |
| 14:17 | Wisp |
| 14:17 | Wisp |
| 16:19 | Chimaera |
| 17:12 | Chimaera |
| 17:31 | Improved Strength of the Wild |
| 17:32 | Reinforced Hides |
| 18:54 | Thorns Aura |
| 20:09 | Scroll of Town Portal |
| 20:15 | Orb of Venom |
| 21:13 | Tree of Life |
| 22:48 | Ancient Protector |
| 22:50 | Wisp |
| 22:50 | Wisp |
| 22:50 | Wisp |
| 22:50 | Wisp |
| 22:56 | Ancient Protector |
| 22:59 | Ancient Protector |
| 23:06 | Ancient Protector |
| 23:18 | Wisp |
| 23:18 | Wisp |
| 23:18 | Wisp |
| 23:19 | Wisp |
| 23:19 | Wisp |
| 23:33 | Ancient Protector |
| 23:52 | Ancient Protector |
| 23:56 | Ancient Protector |
| 24:02 | Ancient Protector |
| 24:12 | Ancient Protector |
| 24:38 | Tree of Life |
| 24:43 | Ancient Protector |
| 25:22 | Ancient Protector |
| 25:26 | Ancient Protector |
| 25:30 | Ancient Protector |
| 28:11 | Wisp |
| 28:11 | Wisp |
| 28:16 | Trueshot Aura |
| 28:35 | Evasion |
| 30:07 | Archer |
| 30:53 | Archer |
| 31:10 | Moon Armor |
| 32:23 | Wisp |
| 32:27 | Altar of Elders |
| 34:16 | Moon Well |
| 35:05 | Tree of Life |
| 35:15 | Searing Arrows |
| 36:00 | Ancient of Wonders |
| 38:09 | Wisp |
| 38:11 | Wisp |
| 39:00 | Entangling Roots |
| 42:57 | Tree of Ages |
| 46:45 | Tree of Life |
| 47:03 | Chimaera |
| 47:30 | Altar of Elders |
| 48:49 | Ancient Protector |
| 50:02 | Wisp |
| 50:02 | Wisp |
| 50:02 | Wisp |
| 50:03 | Wisp |
| 50:04 | Wisp |
| 51:29 | Ancient Protector |
| 54:57 | Searing Arrows |
| 56:14 | Tree of Life |
| 61:35 | Tranquility |
| 62:06 | Wisp |
| 62:09 | Wisp |
| 62:42 | Tree of Life |
| Right click | 1347 |
| Select | 572 |
| Misc. action | 308 |
| Select group | 283 |
| Build/train/purchase | 167 |
| Use ability | 98 |
| Assign group | 25 |
| Item give/drop | 9 |
| Minimap ping | 8 |
| Remove unit | 2 |
| Esc | 1 |


x1)
| Rod of Necromancy | 1 | 150 |
| Orb of Corruption | 1 | 375 |
| Potion of Healing | 1 | 150 |
| Dust of Appearance | 1 | 75 |
| Potion of Lesser Invulnerability | 1 | 150 |
| Boots of Speed | 1 | 250 |
| Tome of Retraining | 1 | 300 |
| total: | 7 | 1450g |
| Acolyte | 4 | 300 | / | 0 |
| Ghoul | 17 | 2040 | / | 0 |
| Meat Wagon | 10 | 2300 | / | 500 |
| Necromancer | 1 | 145 | / | 20 |
| total: | 32 | 4785g | / | 520w |
| Nerubian Tower | 1 | 100 | / | 20 |
| Spirit Tower | 4 | 580 | / | 160 |
| Crypt | 2 | 400 | / | 100 |
| Ziggurat | 6 | 900 | / | 300 |
| Altar of Darkness | 1 | 180 | / | 50 |
| Tomb of Relics | 1 | 130 | / | 30 |
| Graveyard | 1 | 215 | / | 0 |
| Necropolis | 5 | 1125 | / | 0 |
| Slaughterhouse | 2 | 280 | / | 270 |
| Temple of the Damned | 2 | 310 | / | 280 |
| Halls of the Dead | 1 | 320 | / | 210 |
| Black Citadel | 1 | 325 | / | 230 |
| total: | 20 | 3540g | / | 1030w |
| 0:06 | Acolyte |
| 0:07 | Acolyte |
| 0:12 | Crypt |
| 0:17 | Ziggurat |
| 0:56 | Altar of Darkness |
| 1:03 | Crypt |
| 1:14 | Tomb of Relics |
| 1:26 | Ghoul |
| 1:43 | Ghoul |
| 2:06 | Ziggurat |
| 2:18 | Ghoul |
| 2:23 | Nerubian Tower |
| 2:41 | Ghoul |
| 3:08 | Ghoul |
| 3:11 | Sleep |
| 3:20 | Rod of Necromancy |
| 3:29 | Cannibalize |
| 3:29 | Ghoul |
| 3:41 | Ghoul |
| 4:05 | Acolyte |
| 4:28 | Halls of the Dead |
| 4:31 | Ziggurat |
| 4:39 | Vampiric Aura |
| 4:55 | Graveyard |
| 5:44 | Ghoul |
| 6:15 | Sleep |
| 6:23 | Ghoul |
| 6:59 | Black Citadel |
| 7:15 | Ghoul |
| 7:41 | Unholy Strength |
| 7:42 | Unholy Armor |
| 8:52 | Ziggurat |
| 8:55 | Spirit Tower |
| 9:14 | Potion of Lesser Invulnerability |
| 9:15 | Boots of Speed |
| 9:32 | Ghoul Frenzy |
| 9:40 | Slaughterhouse |
| 9:45 | Slaughterhouse |
| 10:14 | Ghoul |
| 10:41 | Ghoul |
| 10:59 | Vampiric Aura |
| 11:03 | Carrion Beetles |
| 11:05 | Orb of Corruption |
| 11:06 | Potion of Healing |
| 11:22 | Improved Unholy Strength |
| 11:23 | Improved Unholy Armor |
| 11:48 | Ziggurat |
| 11:49 | Ghoul |
| 12:04 | Spiked Carapace |
| 12:20 | Ghoul |
| 13:10 | Ghoul |
| 13:38 | Vampiric Aura |
| 13:55 | Ghoul |
| 13:57 | Advanced Unholy Armor |
| 13:57 | Advanced Unholy Strength |
| 14:35 | Ghoul |
| 14:42 | Disease Cloud |
| 15:33 | Exhume Corpses |
| 15:33 | Meat Wagon |
| 15:46 | Temple of the Damned |
| 15:55 | Temple of the Damned |
| 16:08 | Ziggurat |
| 16:54 | Acolyte |
| 17:42 | Carrion Beetles |
| 17:46 | Skeletal Mastery |
| 17:47 | Necromancer Adept Training |
| 18:02 | Dust of Appearance |
| 18:11 | Necropolis |
| 18:34 | Necromancer |
| 20:14 | Meat Wagon |
| 20:18 | Necropolis |
| 20:35 | Necropolis |
| 20:41 | Necropolis |
| 20:43 | Spirit Tower |
| 20:47 | Spirit Tower |
| 21:29 | Tome of Retraining |
| 21:29 | Retrain Hero |
| 21:31 | Carrion Swarm |
| 21:32 | Carrion Swarm |
| 21:32 | Carrion Swarm |
| 21:32 | Carrion Swarm |
| 21:33 | Vampiric Aura |
| 21:33 | Vampiric Aura |
| 21:44 | Meat Wagon |
| 22:16 | Meat Wagon |
| 23:44 | Meat Wagon |
| 24:14 | Meat Wagon |
| 25:00 | Meat Wagon |
| 27:54 | Spiked Carapace |
| 28:30 | Meat Wagon |
| 29:13 | Meat Wagon |
| 29:29 | Necropolis |
| 31:01 | Meat Wagon |
| Right click | 1188 |
| Select group | 415 |
| Select | 269 |
| Misc. action | 150 |
| Build/train/purchase | 120 |
| Assign group | 45 |
| Use ability | 39 |
| Minimap ping | 13 |
| Item give/drop | 6 |
⇛